 Dungeon Crawl Stone Soup version 0.19-a0-805-g0a78ef0 (webtiles) character file.

8512 TheGoonsmith the Bludgeoner (level 11, -2/175 HPs)
             Began as an Ogre Berserker on June 27, 2016.
             Was an Elder of Trog.
             Slain by a black mamba (11 damage)
             ... on level 1 of the Lair of Beasts.
             The game lasted 00:23:59 (13473 turns).

TheGoonsmith the Bludgeoner (Ogre Berserker)       Turns: 13473, Time: 00:24:00

Health: -2/175     AC:  8    Str: 29    XL:     11   Next: 32%
Magic:  13/13      EV: 10    Int:  6    God:    Trog [****..]
Gold:   686        SH:  0    Dex: 12    Spells: 0 memorised, 10 levels left

rFire  + . .     SeeInvis .     K - +0 giant spiked club
rCold  . . .     Gourm    .     L - +0 steam dragon armour
rNeg   . . .     Faith    .     (shield currently unavailable)
rPois  .         Spirit   .     C - +0 hat
rElec  .         Dismiss  .     I - +1 cloak {+Inv}
rCorr  .         Reflect  .     (gloves unavailable)
SustAt .         Harm     .     (boots unavailable)
MR     +++..                    (no amulet)
Stlth  ..........               u - ring of protection from fire
                                m - ring of stealth

@: berserking, regenerating, drained, very quick, extremely resistant to hostile
enchantments, extremely unstealthy
A: unfitting armour, tough skin 1
a: Berserk, Trog's Hand, Brothers in Arms, Burn Spellbooks, Renounce Religion,
Evoke Invisibility


You were on level 1 of the Lair of Beasts.
You worshipped Trog.
Trog was greatly pleased with you.
You were very hungry.

You visited 2 branches of the dungeon, and saw 10 of its levels.

You collected 686 gold pieces.

Inventory:

Hand Weapons
 a - a +0 mace
 k - a +3 whip of flaming
 s - a +0 flail
 K - a +0 giant spiked club (weapon)
 N - a +0 blowgun
Missiles
 e - 313 stones (quivered)
 l - 8 poisoned javelins
 r - 10 tomahawks
 J - 7 large rocks
Armour
 b - a +0 animal skin
 p - a +2 robe of fire resistance
 q - a +0 cloak
 C - a +0 hat (worn)
 I - a +1 cloak of invisibility (worn)
 L - a +0 steam dragon armour (worn)
Jewellery
 d - an uncursed ring of sustain attributes
 m - a ring of stealth (left hand)
 u - a ring of protection from fire (right hand)
 x - an uncursed ring of ice
 F - an uncursed ring of flight {unknown}
Wands
 f - a wand of polymorph (11/24)
 o - a wand of confusion (22/48)
 t - a wand of iceblast (8/15)
Scrolls
 g - 2 scrolls of immolation
 i - 7 scrolls of remove curse
 y - a scroll of blinking
 A - 2 scrolls of teleportation
 B - 4 scrolls of identify
 D - 2 scrolls of fear
 G - a scroll of fog {unknown}
 P - 3 scrolls of magic mapping
Potions
 h - 2 potions of berserk rage
 j - a potion of cancellation {unknown}
 v - 3 potions of brilliance
 z - 2 potions of ambrosia
 H - 3 potions of lignification {unknown}
Comestibles
 c - 5 bread rations
 w - 2 beef jerkies
 E - 3 meat rations


   Skills:
 - Level 10.0(9.8) Fighting
 * Level 16.0(15.8) Maces & Flails
 - Level 8.3(8.1) Throwing
 - Level 2.6(2.5) Dodging
 + Level 3.0(2.8) Evocations


You had 10 spell levels left.
You didn't know any spells.

Dungeon Overview and Level Annotations

Branches:
Dungeon (9/15)             Temple (0/1) D:4            Lair (1/6) D:9
    Orc: D:9-12

Altars:
Ashenzari
Cheibriados
Dithmenos
Elyvilon
Kikubaaqudgha
Makhleb
Okawaru
Trog
Uskayaw
Yredelemnul

Shops:
D:4 (


Innate Abilities, Weirdness & Mutations

You are too large for most types of armour.
You have tough skin. (AC +1)


Message History

The black mamba is lightly wounded.
The black mamba bites you.
* * * LOW HITPOINT WARNING * * *
The black mamba bites you!
* * * LOW HITPOINT WARNING * * *
Okay, then.
Your skin crawls.
You feel resistant to hostile enchantments.
You are feeling hungry.
The black mamba bites you.
* * * LOW HITPOINT WARNING * * *
The black mamba barely misses you.
A red film seems to cover your vision as you go berserk!
You feel yourself moving faster!
You feel mighty!
You are feeling very hungry.
The black mamba barely misses you.
You barely miss the black mamba.
The black mamba is lightly wounded.
The black mamba bites you!
You die...

.........#...........(...........
..........##.#.###...(...........
...................(.............
.................................
.................................
.................................
.....†.........†.................
..........#.#..P#......[.........
#####P....#.....@S(....#####.#...
#####...........#(.....#.#P###...
....##....#.....#.(((.(##........
..........#.....#...[..##....#...
....##....#...........(.#....#...
....#......+.#+#.......##........
....##.................###.##P...
######.................##..##....
######.....................}.....


You could see a black mamba.

Vanquished Creatures
  Erica (D:8)
  A hill giant (D:8)
  Pikel (D:9)
  4 spiny frogs (Lair:1)
  A troll (D:9)
  Grinder (D:3)
  Sigmund (D:5)
  2 yaks (D:9)
  Eustachio (D:5)
  2 basilisks (Lair:1)
  A hungry ghost (D:8)
  A steam dragon (D:7)
  2 water moccasins (Lair:1)
  Duvessa (D:5)
  An ice beast (D:7)
  An orc warrior (D:9)
  A black bear (D:8)
  3 ogres
  3 centaurs
  A crocodile (Lair:1)
  4 big kobolds
  Blork the orc (D:6)
  A giant frog (D:6)
  Dowan (D:5)
  2 wyvern skeletons
  A scorpion (D:8)
  6 killer bees (D:8)
  5 wights (D:9)
  4 howler monkeys
  6 crimson imps
  A giant frog zombie (D:7)
  2 centaur zombies
  A quasit (D:9)
  2 giant frog skeletons
  Crazy Yiuf (D:6)
  4 orc priests
  5 hounds
  6 jellies
  A gnoll shaman (D:4)
  4 iguanas
  3 orc wizards
  5 worker ants
  A killer bee zombie (D:8)
  A hound zombie (D:8)
  2 hound skeletons
  A howler monkey zombie (D:5)
  A worker ant zombie (D:5)
  20 gnolls
  6 adders
  5 river rats (D:9)
  An ooze (D:2)
  An adder zombie (D:7)
  2 dart slugs
  5 giant geckos
  28 orcs
  19 bats
  2 bat zombies (D:6)
  9 giant cockroaches
  36 goblins
  30 hobgoblins
  11 jackals
  17 kobolds
  8 quokkas
  A ball python (D:3)
  A giant gecko zombie (D:5)
  5 giant newts
  A jackal skeleton (D:5)
  A jackal zombie (D:6)
  13 rats
  2 rat zombies (D:6)
  A spectral orc (D:2)
  A fungus (D:6)
328 creatures vanquished.

Vanquished Creatures (collateral kills)
  The ghost of Ryco the Covert, a novice SpEn of Ashenzari (D:9)
  2 slaves (D:9)
  A giant frog skeleton (D:9)
  An orc priest (D:9)
  2 orc wizards (D:9)
  A giant gecko (D:9)
  4 orcs (D:9)
  A bat (D:9)
13 creatures vanquished.

Vanquished Creatures (others)
  An orc warrior (D:9)
  2 slaves (D:9)
  A quasit (D:9)
  A kobold (D:8)
  7 fungi (D:9)
  5 plants
17 creatures vanquished.

Grand Total: 358 creatures vanquished

Notes
Turn   | Place    | Note
--------------------------------------------------------------
     0 | D:1      | TheGoonsmith the Ogre Berserker began the quest for the Orb.
     0 | D:1      | Reached XP level 1. HP: 24/24 MP: 1/1
    17 | D:1      | Reached XP level 2. HP: 19/32 MP: 2/2
   379 | D:1      | Found a snail-covered altar of Cheibriados.
   387 | D:1      | Reached skill level 1 in Throwing
   504 | D:1      | Reached XP level 3. HP: 39/39 MP: 3/3
   598 | D:1      | Reached ** piety under Trog
   934 | D:2      | Reached skill level 5 in Maces & Flails
  1311 | D:2      | Reached XP level 4. HP: 49/49 MP: 4/4
  1373 | D:2      | Found a bloodstained altar of Trog.
  1474 | D:2      | Reached *** piety under Trog
  1603 | D:2      | Found a basalt altar of Yredelemnul.
  1730 | D:3      | Reached skill level 5 in Fighting
  1874 | D:3      | Reached XP level 5. HP: 51/57 MP: 5/5
  1919 | D:3      | Reached skill level 6 in Maces & Flails
  2515 | D:3      | Noticed Grinder
  2525 | D:3      | Paralysed by Grinder for 4 turns
  2545 | D:3      | Killed Grinder
  2545 | D:3      | Reached skill level 7 in Maces & Flails
  2545 | D:3      | Reached XP level 6. HP: 15/67 MP: 6/6
  3138 | D:4      | Found a staircase to the Ecumenical Temple.
  3282 | D:4      | Reached XP level 7. HP: 35/75 MP: 7/7
  3815 | D:4      | Found Xuiw Camnopt's Weapon Emporium.
  3839 | D:4      | Found a shattered altar of Ashenzari.
  4026 | D:4      | Received a gift from Trog
  4108 | D:4      | Reached **** piety under Trog
  4317 | D:4      | Reached skill level 8 in Maces & Flails
  5343 | D:4      | Reached XP level 8. HP: 87/87 MP: 8/8
  5347 | D:4      | Received a gift from Trog
  5442 | D:5      | Entered Level 5 of the Dungeon
  5458 | D:5      | Found an iron altar of Okawaru.
  5467 | D:5      | Noticed Eustachio
  5485 | D:5      | Killed Eustachio
  5485 | D:5      | Reached skill level 9 in Maces & Flails
  5487 | D:5      | Found an ancient bone altar of Kikubaaqudgha.
  5643 | D:5      | Noticed Sigmund
  5664 | D:5      | Killed Sigmund
  5774 | D:5      | Found a shadowy altar of Dithmenos.
  5916 | D:5      | Reached skill level 10 in Maces & Flails
  6042 | D:5      | Noticed Duvessa
  6042 | D:5      | Noticed Dowan
  6050 | D:5      | Killed Duvessa
  6050 | D:5      | Reached skill level 5 in Throwing
  6055 | D:5      | Killed Dowan
  6469 | D:6      | Found a shadowy altar of Dithmenos.
  6515 | D:6      | Noticed Blork the orc
  6532 | D:6      | Killed Blork the orc
  6700 | D:6      | Reached XP level 9. HP: 91/97 MP: 9/9
  7143 | D:6      | Found an ancient bone altar of Kikubaaqudgha.
  7253 | D:6      | Reached skill level 11 in Maces & Flails
  7369 | D:6      | Found a hide-covered altar of Uskayaw.
  7491 | D:6      | Reached ***** piety under Trog
  7811 | D:6      | Found a runed door.
  7816 | D:6      | Noticed Crazy Yiuf
  7823 | D:6      | Killed Crazy Yiuf
  8721 | D:7      | Received a gift from Trog
  9329 | D:8      | Reached skill level 12 in Maces & Flails
  9557 | D:8      | Noticed a hill giant
  9567 | D:8      | Killed a hill giant
  9616 | D:8      | Reached skill level 10 in Fighting
  9616 | D:8      | Reached XP level 10. HP: 44/110 MP: 10/10
 10140 | D:8      | Reached skill level 13 in Maces & Flails
 10387 | D:8      | Noticed Erica
 10404 | D:8      | Killed Erica
 10702 | D:8      | Received a gift from Trog
 11074 | D:8      | Reached skill level 14 in Maces & Flails
 11173 | D:9      | Noticed Pikel
 11186 | D:9      | Killed Pikel
 11196 | D:9      | Noticed Ryco's ghost (novice SpEn)
 11212 | D:9      | Received a gift from Trog
 11240 | D:9      | Killed Ryco's ghost
 11435 | D:9      | Received a gift from Trog
 11672 | D:9      | Found a white marble altar of Elyvilon.
 11741 | D:9      | Found a burning altar of Makhleb.
 11798 | D:9      | Reached skill level 15 in Maces & Flails
 11809 | D:9      | Reached skill level 1 in Evocations
 11922 | D:9      | Reached XP level 11. HP: 56/117 MP: 10/12
 12170 | D:9      | Found a staircase to the Lair.
 12255 | Lair:1   | Entered Level 1 of the Lair of Beasts
 13249 | Lair:1   | Reached skill level 16 in Maces & Flails
 13471 | Lair:1   | HP: 5/117 [black mamba (6)]
 13473 | Lair:1   | Slain by a black mamba

Vault maps used:
D:1:      grunt_arrival_lava_bath, amethyst_killhole, cheibriados_altar_1
D:2:      bloody_trog, yredelemnul_forgotten_temple_becter
D:3:      uniq_grinder
D:4:      minmay_goblin_kobold_castle, ashenzari_altar_1, serial_shops,
          nicolae_shop_statue_plus
D:5:      okawaru_trees_1, first_bread, hangedman_feature_mirror,
          uniq_eustachio, uniq_duvessa, uniq_sigmund
D:6:      kennysheep_mini_moat, grunt_dithmenos_smoke_and_mirrors,
          lemuel_zombie_altar_kikubaaqudgha, uniq_blork_the_orc,
          uniq_crazy_yiuf_cottage
D:8:      uniq_erica
D:9:      makhleb_grotto_becter, kennysheep_mini,
          grunt_lair_entry_orc_guard_hut, uniq_pikel

Skill      XL: |  1  2  3  4  5  6  7  8  9 10 11 |
---------------+----------------------------------+-----
Throwing       | 1 2 3 4 5 6 8 |  8.3
Maces & Flails | 5 7 8 10 12 15 16 | 16.0
Fighting       | 5 6 7 8 10 | 10.0
Evocations     | 1 3 |  3.0
Dodging        | |  2.6

Action                   |  1- 3 |  4- 6 |  7- 9 | 10-12 || total
-------------------------+-------+-------+-------+-------++-------
Melee: Mace              |    97 |   140 |     4 |       ||   241
       Whip              |       |    24 |       |       ||    24
       Flail             |       |       |   320 |       ||   320
       Giant spiked club |       |       |    67 |   244 ||   311
Throw: Stone             |    76 |    74 |   249 |   225 ||   624
Invok: Berserk           |     1 |     4 |    11 |     5 ||    21
       Burn Spellbooks   |     1 |       |     2 |     1 ||     4
       Trog's Hand       |       |     3 |     3 |     4 ||    10
       Brothers in Arms  |       |       |       |     3 ||     3
  Use: Scroll            |       |     7 |     3 |     4 ||    14
       Potion            |       |     5 |       |     9 ||    14
  Eat: Chunk             |     2 |     4 |    24 |    15 ||    45
       Beef jerky        |       |     1 |       |       ||     1
       Pizza             |       |     1 |     2 |       ||     3
       Bread ration      |       |     1 |       |     2 ||     3
       Meat ration       |       |       |     1 |       ||     1
Armor: Animal skin       |    30 |    42 |    82 |     5 ||   159
       Steam dragon armo |       |       |       |   129 ||   129
Dodge: Dodged            |    56 |    92 |   191 |   177 ||   516
